 Dungeon Crawl Stone Soup version 0.21-a0-414-gba8bdf1 (webtiles) character file.

301 Ijustatesigmund the Sneak (level 6, -13/39 HPs)
             Began as an Octopode Assassin on Nov 2, 2017.
             Mangled by karf's ghost (15 damage)
             ... on level 4 of the Dungeon.
             The game lasted 00:08:25 (3520 turns).

Ijustatesigmund the Sneak (Octopode Assassin)       Turns: 3520, Time: 00:08:26

Health: -13/39     AC:  1    Str: 15    XL:     6   Next: 37%
Magic:  6/6        EV: 15    Int: 16    God:
Gold:   245        SH:  6    Dex: 15    Spells: 5/5 levels left

rFire    . . .     SeeInvis .   w - +1 short sword (holy)
rCold    . . .     Gourm    +   g - +1 buckler
rNeg     . . .     Faith    .   (helmet restricted)
rPois    .         Spirit   .   j - amulet of the gourmand
rElec    .         Reflect  .   p - +2 ring of intelligence
rCorr    .         Harm     .   (no ring)
MR       .....                  (no ring)
Stlth    ++++......             (no ring)
HPRegen  0.13/turn              (no ring)
MPRegen  0.10/turn              (no ring)
                                (no ring)
                                (no ring)

@: mighty
A: almost no armour, stealthy swim, amphibious, 8 rings, constrict 8, camouflage
1, gelatinous body 1
a: no special abilities


You were on level 4 of the Dungeon.
You were full.

You visited 1 branch of the dungeon, and saw 4 of its levels.

You collected 245 gold pieces.

Inventory:

Hand Weapons
 a - a +2 dagger
 b - a +0 blowgun
 e - a +3 quarterstaff of chaos
 w - a +1 short sword of holy wrath (weapon)
Missiles
 c - 23 poisoned needles
 d - 2 curare-tipped needles
 t - a throwing net (quivered)
Armour
 g - a +1 buckler (worn)
Jewellery
 j - an amulet of the gourmand (around mantle)
 p - a +2 ring of intelligence (left tentacle)
Wands
 m - a wand of scattershot (2/9)
Scrolls
 k - a scroll of teleportation
 r - a scroll of immolation
 u - 2 scrolls of remove curse
Potions
 i - a potion of brilliance
 s - a potion of curing
Comestibles
 f - a royal jelly
 h - 8 fruits
 l - a meat ration


   Skills:
 - Level 2.0 Fighting
 - Level 2.0 Short Blades
 - Level 2.0 Throwing
 - Level 4.1 Dodging
 - Level 5.3 Stealth
 + Level 4.4 Shields


You had 5 spell levels left.
You didn't know any spells.

Dungeon Overview and Level Annotations

Branches:
Dungeon (4/15)
 Temple: D:4-7

Altars:

Shops:
D:4 [(*

Annotations:
D:4 karf's ghost, novice FoFi


Innate Abilities, Weirdness & Mutations

You cannot wear most types of armour.
You are very stealthy in the water. (Stealth+)
You are amphibious.
You can wear up to eight rings at the same time.
You can use your tentacles to constrict eight enemies at once.
Your skin changes colour to match your surroundings (Stealth+).
Your rubbery body absorbs attacks. (AC +1, EV +1)


Message History

You closely miss karf's ghost.
You squeeze karf's ghost, but do no damage.
Karf's ghost is lightly damaged.
Karf's ghost hits you!
You feel very mighty all of a sudden. Karf's ghost hits you!
* * * LOW HITPOINT WARNING * * *
You see here an adder skeleton.
Karf's ghost says, "I was once a great warrior, and I still am!"
Things that are here:
a club; an orc skeleton You hit karf's ghost.
Karf's ghost convulses.
You squeeze karf's ghost!
Karf's ghost is moderately damaged.
You hit karf's ghost but do no damage. You squeeze karf's ghost!
Karf's ghost is heavily damaged.
You block karf's ghost's attack.
You hit karf's ghost.
Karf's ghost convulses.
Karf's ghost is severely damaged.
Karf's ghost hits you!
You die...

..#####.......#.....## #.#
#..............##
#.#####.∩.............#
#............(........######.
#####........................
#.#...................#..
#.#...............###.#
.................## .. ##
..####.....∩.@W...# .. ....
######.#..##.### # ##
#.##.#....?.W..
#..........#.#. ###.....####
##..#..### #...#....#
#...#......##
.....###.##.....


You could see karf's ghost.

Vanquished Creatures
  Crazy Yiuf (D:2)
  A jelly (D:3)
  A centaur skeleton (D:4)
  An orc priest (D:3)
  A hound skeleton (D:4)
  3 gnolls
  5 adders
  An ooze (D:3)
  An adder skeleton (D:4)
  A dart slug (D:2)
  2 leopard geckos
  6 orcs
  10 bats
  3 giant cockroaches
  6 goblins
  6 hobgoblins
  6 jackals
  13 kobolds
  3 quokkas
  A ball python (D:2)
  4 frilled lizards
  10 rats
86 creatures vanquished.

Vanquished Creatures (others)
  A fungus (D:3)
  10 toadstools (D:3)
11 creatures vanquished.

Grand Total: 97 creatures vanquished

Notes
Turn   | Place    | Note
-------+----------+-------------------------------------------
     0 | D:1      | Ijustatesigmund the Octopode Assassin began the quest for the Orb.
     0 | D:1      | Reached XP level 1. HP: 14/14 MP: 1/1
   316 | D:1      | Reached XP level 2. HP: 19/19 MP: 2/2
   849 | D:2      | Reached XP level 3. HP: 24/24 MP: 3/3
   856 | D:2      | Found a runed door.
   857 | D:2      | Noticed Crazy Yiuf
   857 | D:2      | Killed Crazy Yiuf
   899 | D:2      | Reached XP level 4. HP: 29/29 MP: 4/4
  1031 | D:2      | Noticed a hungry ghost
  1731 | D:4      | Reached skill level 1 in Shields
  2098 | D:3      | Reached XP level 5. HP: 27/34 MP: 5/5
  3015 | D:2      | Reached XP level 6. HP: 39/39 MP: 6/6
  3266 | D:4      | Found Qicacuobb's Armour Emporium.
  3349 | D:4      | Found Goid's General Store.
  3366 | D:4      | Found Luphuenk's Weapon Emporium.
  3459 | D:4      | Noticed karf's ghost (novice FoFi)
  3515 | D:4      | HP: 1/39 [karf's ghost (11)]
  3520 | D:4      | Mangled by karf's ghost

Vault maps used:
D:1:      dpeg_arrival_rhombus, serial_co_window_serial, co_window_paths_a,
          co_window_paths_a, co_window_corner_a, co_window_corner_a,
          co_window_paths_b, co_window_corner_a, co_window_of_opportunity_a,
          co_window_broadway_b, co_window_unsneaky_path_c, co_window_corner_cb,
          co_window_corner_ca, co_window_corner_b, glass_columns_a
D:2:      uniq_crazy_yiuf_cottage
D:3:      cheibrodos_fertilizer
D:4:      serial_shops, nicolae_shop_stone, nicolae_shop_stone,
          nicolae_shop_crystal, shop, shop

Skill      XL: |  1  2  3  4  5  6 |
---------------+-------------------+-----
Dodging        | 2 3 4 |  4.1
Shields        | 1 3 4 |  4.4
Fighting       | |  2.0
Short Blades   | |  2.0
Throwing       | |  2.0
Stealth        | |  5.3

Action                   |  1- 3 |  4- 6 || total
-------------------------+-------+-------++-------
Melee: Dagger            |    33 |    91 ||   124
       Constrict         |     7 |    32 ||    39
       Tentacles         |     3 |    21 ||    24
       Short sword       |       |    46 ||    46
Evoke: Wand              |       |     6 ||     6
  Use: Scroll            |     4 |     7 ||    11
       Potion            |       |     9 ||     9
 Stab: Sleeping          |    15 |    11 ||    26
  Eat: Chunk             |       |     8 ||     8
       Bread ration      |       |     2 ||     2
Armor: Skin              |     5 |    13 ||    18
Dodge: Dodged            |    14 |   140 ||   154
Block: Buckler           |       |    25 ||    25

Table legend:
 A = Spawn XP
 B = Non-spawn XP
 C = Spawn XP percentage of total XP
 D = Spawn monster count
 E = Non-spawn monster count
 F = Spawn count percentage of total count
 G = Total turns spent on level
                    A         B        C        D         E        F      G
               +---------+---------+-------+---------+---------+-------+---------
         Total |       0 |     431 |   0.0 |       0 |      86 |   0.0 |  3520
               +---------+---------+-------+---------+---------+-------+---------
           D:1 |       0 |      29 |   0.0 |       0 |      19 |   0.0 |   826
           D:2 |       0 |     110 |   0.0 |       0 |      25 |   0.0 |  1075
           D:3 |       0 |     163 |   0.0 |       0 |      30 |   0.0 |   950
           D:4 |       0 |     129 |   0.0 |       0 |      12 |   0.0 |   669
               +---------+---------+-------+---------+---------+-------+---------
